 Dungeon Crawl Stone Soup version 0.28-a0-1506-g3893175d92 (webtiles) character file.

Game seed: 16850235275805123774

88 fragbeetle the Digger (level 4, -1/26 HPs)
             Began as a Gargoyle Earth Elementalist on Jan 13, 2022.
             Slain by Sigmund (4 damage)
             ... on level 2 of the Dungeon.
             The game lasted 00:05:39 (2563 turns).

fragbeetle the Digger (Gargoyle Earth Elementalist) Turns: 2563, Time: 00:05:40

Health: -1/26      AC:  6    Str: 13    XL:     4   Next: 53%
Magic:  6/7        EV: 12    Int: 16    God:
Gold:   74         SH:  0    Dex: 10    Spells: 6/7 levels left

rFire   . . .      SeeInvis .   f - +3 quarterstaff (chaos)
rCold   . . .      Faith    .   (shield currently unavailable)
rNeg    + . .      Spirit   .   b - +0 robe
rPois   ∞          Reflect  .   (no helmet)
rElec   +          Harm     .   l - +0 cloak
rCorr   .          Rampage  .   (no gloves)
Will    .....                   (no boots)
Stlth   ++........              (no amulet)
HPRegen 0.08/turn               (no ring)
MPRegen 0.10/turn               (no ring)

@: no status effects
A: sickness immunity, AC +3, negative energy resistance 1, electricity
resistance, torment resistance 1, petrification resistance
a: no special abilities


You were on level 2 of the Dungeon.
You visited 1 branch of the dungeon, and saw 2 of its levels.

You collected 74 gold pieces.

Inventory:

Hand Weapons
 e - a +1 mace of protection
 f - a +3 quarterstaff of chaos (weapon)
Missiles
 c - 41 stones
 m - 2 poisoned darts
Armour
 b - a +0 robe (worn)
 h - the +2 robe "Paedeth" {+Blink +Inv Fly Str-5}
   (You found it on level 2 of the Dungeon)

   Str:       It affects your strength (-5).
   +Inv:      It lets you turn invisible.
   Fly:       It grants you flight.
   +Blink:    It lets you blink.
 i - a +0 buckler
 l - a +0 cloak (worn)
Scrolls
 a - 6 scrolls of identify {unknown}
 d - a scroll of teleportation {unknown}
 j - a scroll of enchant armour {unknown}
Potions
 g - a potion of mutation {unknown}


   Skills:
 + Level 1.7 Fighting
 - Level 0.4 Maces & Flails
 + Level 0.0(0.1) Staves
 + Level 2.1 Dodging
 + Level 3.0 Stealth
 - Level 2.0 Spellcasting
 - Level 1.0 Transmutations
 * Level 4.7 Earth Magic


You had 6 spell levels left.
You knew the following spells:

 Your Spells              Type           Power      Damage    Failure   Level
a - Sandblast             Erth           32%        2d9       3%          1

Your spell library contained the following spells:

 Spells                   Type           Power      Damage    Failure   Level
 Passwall                 Tmut/Erth      8%         N/A       10%         2
 Freeze                   Ice            4%         1d3       21%         1
 Stone Arrow              Conj/Erth      18%        3d8       24%         3
 Frozen Ramparts          Ice            2%         1d2       52%         3
 Inner Flame              Hex/Fire       1%         N/A       52%         3
 Petrify                  Tmut/Erth      10%        N/A       54%         4
 Cause Fear               Hex            0%         N/A       90%         4
 Hailstorm                Conj/Ice       1%         3d3       90%         4
 Discord                  Hex            0%         N/A       100%        8


Dungeon Overview and Level Annotations

Branches:
Dungeon (2/15)

Altars:

Annotations:
D:2 Sigmund


Innate Abilities, Weirdness & Mutations

You are immune to sickness and miasma.
Your stone body is resilient. (AC +3)
You are immune to poison.
You resist negative energy. (rN+)
You are resistant to electric shocks. (rElec)
You are resistant to unholy torment.
You are immune to petrification.


Message History

You climb upwards.
There is a stone staircase leading down here.
You start resting.
You feel less confused.
You start resting.
Magic restored.
You climb downwards.
Level annotation: Sigmund Sigmund completely misses you.
There is a stone staircase leading up here.
Casting: Sandblast (safe; 3% risk of failure)
Confirm with . or Enter, or press ? or * to list all spells.
Aiming: Sandblast (safe; 3% risk of failure)
Press: ? - help, Shift-Dir - straight line, f - Sigmund
Aim: Sigmund, wielding a +2 scythe of protection and wearing a +0 robe (moderately wounded, 77% to hit)
The blast of sand misses Sigmund.
Casting: Sandblast (safe; 3% risk of failure)
Confirm with . or Enter, or press ? or * to list all spells.
Aiming: Sandblast (safe; 3% risk of failure)
Press: ? - help, Shift-Dir - straight line, f/p - Sigmund
Aim: Sigmund, wielding a +2 scythe of protection and wearing a +0 robe (moderately wounded, 77% to hit)
The blast of sand hits Sigmund.
Sigmund is moderately wounded.
Sigmund casts a spell.
Sigmund flickers and vanishes!
Deactivating autopickup; reactivate with Ctrl-A.
Something hits you.
You closely miss something.
You hear some strange, mumbled words.
A puff of flame appears from out of thin air!
The puff of flame hits you.
You barely miss something. Something hits you.
You hit something but do no damage.
Nothing appears to happen.
Something hits you.
You closely miss something. Something hits you. x2
* * * LOW HITPOINT WARNING * * *
You hit something. You freeze something. Something hits you but does no damage.
You barely miss something. Something hits you.
* * * LOW HITPOINT WARNING * * *
Something hits you.
You die...

#.....# #.#...#.#..#
#.###.###.#...#....####
#.......#.#............
######..#.#............
#..#......#.....##
#.......#.#.#.#.#
#.#######.#.#.#.#
#.........#.#.#.#
########
#@..........#.#.#
#......#
#...........#.#.#
#......#
#{#########.#.#.#
#......# #.# #.#.#.#
#......# #.# #.#.#.#
#......# #.# #.#.#.#
#......# #.# #.#.#.#
#......# #.# #.#<..##
#......# #.# #.#.##..


There were no monsters in sight!

Vanquished Creatures
  Crazy Yiuf (D:2)
  Jessica (D:2)
  3 ball pythons
  2 endoplasms
  A giant cockroach (D:1)
  4 goblins
  4 hobgoblins (D:1)
  2 jackals (D:1)
  3 quokkas
  3 bats (D:1)
  3 frilled lizards (D:1)
  5 rats
32 creatures vanquished.

Notes
Turn   | Place    | Note
-------+----------+-------------------------------------------
     0 | D:1      | fragbeetle the Gargoyle Earth Elementalist began the quest
                  | for the Orb.
     0 | D:1      | Reached XP level 1. HP: 10/10 MP: 3/3
   109 | D:1      | Reached XP level 2. HP: 10/16 MP: 1/5
   231 | D:1      | Reached skill level 1 in Transmutations
   259 | D:1      | Reached skill level 4 in Earth Magic
   662 | D:1      | Reached skill level 1 in Fighting
   813 | D:1      | Reached XP level 3. HP: 20/20 MP: 6/6
  1374 | D:2      | Identified the +2 robe "Paedeth" {+Blink +Inv Fly Str-5}
  1639 | D:2      | Noticed Jessica
  1644 | D:2      | Killed Jessica
  1645 | D:2      | Reached XP level 4. HP: 25/25 MP: 3/7
  1928 | D:2      | Found a runed translucent door.
  1929 | D:2      | Noticed Crazy Yiuf
  1975 | D:2      | Killed Crazy Yiuf
  2415 | D:2      | Noticed Sigmund
  2563 | D:2      | Slain by Sigmund

Illustrated notes

Levels and vault maps discovered:
D:1:      dpeg_arrival_court, layout_basic
D:2:      layout_basic, serial_bayou_pond_b, uniq_sigmund, uniq_jessica,
          uniq_crazy_yiuf_cottage

Skill      XL: |  1  2  3  4 |
---------------+-------------+-----
Transmutations | 1 |  1.0
Earth Magic    | 4 |  4.7
Fighting       | 1 |  1.7
Dodging        | 2 |  2.1
Stealth        | 3 |  3.0
Maces & Flails | |  0.4
Spellcasting   | |  2.0

Action                   |  1- 3 |  4- 6 || total
-------------------------+-------+-------++-------
Melee: Unarmed           |    12 |       ||    12
       Punch             |     2 |       ||     2
       Dagger            |    88 |       ||    88
       Quarterstaff      |       |     6 ||     6
Throw: Dart              |       |     2 ||     2
 Cast: Sandblast         |    15 |     7 ||    22
 Stab: Sleeping          |     1 |       ||     1
Armor: Robe              |    20 |     1 ||    21
Dodge: Dodged            |    67 |     2 ||    69

Table legend: (Time is in decaauts)
 A = Elapsed time spent in this place.
 B = Non-inter-level travel time spent in this place.
 C = Inter-level travel time spent in this place.
 D = Time resting spent in this place.
 E = Time spent auto-exploring this place.
 F = Levels seen in this place.
 G = Mean time per level.
                   A        B        C        D        E       F      G
               +--------+--------+--------+--------+--------+-----+--------+
         Total |   2557 |   2519 |     38 |    651 |   1317 |   2 | 1278.5 |
       Dungeon |   2557 |   2519 |     38 |    651 |   1317 |   2 | 1278.5 |
               +--------+--------+--------+--------+--------+-----+--------+

Top non-repeatable levels by time:
     D:2: 1331 daAuts
     D:1: 1225 daAuts
